 Dungeon Crawl Stone Soup version 0.28.0-53-g5a82cb258f (webtiles) character file.

Game seed: 8770412811209924307

40 Plasmagod the Shooter (level 3, -7/18 HPs)
             Began as a Spriggan Hunter on July 20, 2022.
             Killed from afar by Sigmund (8 damage)
             ... with a puff of flame
             ... on level 2 of the Dungeon.
             The game lasted 00:03:42 (1385 turns).

Plasmagod the Shooter (Spriggan Hunter)             Turns: 1385, Time: 00:03:43

Health: -7/18      AC:  2    Str:  8    XL:     3   Next: 30%
Magic:  4/4        EV: 17    Int: 12    God:
Gold:   50         SH:  0    Dex: 17    Spells: 2/2 levels left

rFire   . . .      SeeInvis +   a - +1 shortbow
rCold   . . .      Faith    .   (shield currently unavailable)
rNeg    . . .      Spirit   .   c - +0 robe
rPois   .          Reflect  .   (helmet restricted)
rElec   .          Harm     .   (no cloak)
rCorr   .          Rampage  .   (gloves unavailable)
Will    .....                   (boots unavailable)
Stlth   ++........              (no amulet)
HPRegen 0.06/turn               (no ring)
MPRegen 0.09/turn               (no ring)

@: very quick
A: very small, no large weapons, unfitting armour, see invisible, speed 3
a: no special abilities


You were on level 2 of the Dungeon.
You visited 1 branch of the dungeon, and saw 2 of its levels.

You collected 50 gold pieces.

Inventory:

Hand Weapons
 a - a +1 shortbow (weapon)
 b - a +0 short sword
Missiles
 d - 2 arrows (quivered ammo)
Armour
 c - a +0 robe (worn)
Wands
 k - a wand of flame (14)
Scrolls
 e - 2 scrolls of teleportation {unknown}
 f - a scroll of enchant weapon {unknown}
 g - a scroll of identify {unknown}
 i - a scroll of vulnerability {unknown}
 j - a scroll of brand weapon {unknown}
Potions
 h - a potion of flight {unknown}


   Skills:
 + Level 1.9 Fighting
 + Level 6.0 Bows
 + Level 2.8 Dodging
 + Level 1.5 Stealth


You had 2 spell levels left.
You didn't know any spells.
Your spell library was empty.

Dungeon Overview and Level Annotations

Branches:
Dungeon (2/15)

Altars:
The Shining One

Annotations:
D:2 Sigmund


Innate Abilities, Weirdness & Mutations

You are very small and have problems with some larger weapons.
You are too small for most types of armour.
You have supernaturally acute eyesight. (SInv)
You cover ground extremely quickly. (Speed+++)


Message History

Fire: 4 arrows
Press: ? - help, Q - select action, (/) - cycle Shift-Dir - straight line, f/p - Sigmund
Aim: Sigmund, wielding a +0 scythe and wearing a +0 robe (heavily wounded, 61% to hit)
You shoot an arrow. The arrow barely misses Sigmund.
Fire: 3 arrows
Press: ? - help, Q - select action, (/) - cycle Shift-Dir - straight line, f/p - Sigmund
Aim: Sigmund, wielding a +0 scythe and wearing a +0 robe (heavily wounded, 61% to hit)
You shoot an arrow. The arrow closely misses Sigmund.
Sigmund points at you and mumbles some strange words.
You resist with some effort.
Fire: 2 arrows
Press: ? - help, Q - select action, (/) - cycle Shift-Dir - straight line, f/p - Sigmund
Aim: Sigmund, wielding a +0 scythe and wearing a +0 robe (heavily wounded, 61% to hit)
You shoot an arrow. The arrow closely misses Sigmund.
Sigmund gestures wildly while chanting.
Sigmund flickers and vanishes for a moment.
Fire: arrow
Press: ? - help, Q - select action, (/) - cycle Shift-Dir - straight line, f/p - Sigmund
Aim: Sigmund, wielding a +0 scythe and wearing a +0 robe (heavily wounded, slightly transparent, 61% to hit)
You shoot an arrow. The arrow hits Sigmund.
Sigmund is severely wounded.
Sigmund gestures at you while chanting. The puff of flame hits you!
You see here a +0 scale mail.
Sigmund gestures at you while chanting. The puff of flame hits you!
Ouch! That really hurt!
* * * LOW HITPOINT WARNING * * *
Sigmund misses you.
d - an arrow
d - 2 arrows (gained 1)
d - 3 arrows (gained 1) Fire: 3 arrows
Press: ? - help, Q - select action, (/) - cycle Shift-Dir - straight line, f/p - Sigmund
Aim: Sigmund, wielding a +0 scythe and wearing a +0 robe (severely wounded, slightly transparent, 61% to hit)
You shoot an arrow. The arrow hits Sigmund.
Sigmund is severely wounded.
Sigmund gestures at you while chanting. The puff of flame hits you!
You die...

# . # ##### # #...#
###### #.( ###.# #.)...
#..((##########.###.####
#..(.((@.....(..........
##########@#.........###
#.#.........# #
###.#..@..[...###
#...@....#.......
#.####.....#....#
##...####......###
#......####..####.
#........##### ...


You could see Sigmund (invisible).

Vanquished Creatures
  3 worms (D:2)
  An orc (D:2)
  A giant cockroach (D:2)
  6 goblins
  5 hobgoblins
  4 kobolds
  2 quokkas (D:1)
  A ball python (D:1)
  2 frilled lizards (D:1)
  4 rats
29 creatures vanquished.

Notes
Turn   | Place    | Note
-------+----------+-------------------------------------------
     0 | D:1      | Plasmagod the Spriggan Hunter began the quest for the Orb.
     0 | D:1      | Reached XP level 1. HP: 10/10 MP: 2/2
   244 | D:1      | Reached skill level 5 in Bows
   412 | D:1      | Reached XP level 2. HP: 15/15 MP: 3/3
   994 | D:2      | Reached XP level 3. HP: 18/18 MP: 4/4
  1039 | D:2      | Found a glowing golden altar of the Shining One.
  1295 | D:2      | Reached skill level 6 in Bows
  1345 | D:2      | Noticed Sigmund
  1385 | D:2      | Killed from afar by Sigmund

Illustrated notes

Levels and vault maps discovered:
D:1:      amcnicky_arrival_abandoned_market, layout_basic
D:2:      layout_basic, basic_altar, serial_shops, nicolae_lakefront_shop,
          minmay_misc_feat_x, minmay_fountain_box, dk_noncrumbling_2,
          uniq_sigmund

Skill      XL: |  1  2  3 |
---------------+----------+-----
Bows           | 5 6 |  6.0
Fighting       | |  1.9
Dodging        | |  2.8
Stealth        | |  1.5

Action                   || total
-------------------------++-------
 Fire: Shortbow          ||    90
Dodge: Dodged            ||     4
